Map: Ley Lines

Players

艾佛伸

  • Race: Protoss Protoss
  • League: Platinum
  • Spawn Location: 7:00

llllllllllll - Winner!

  • Race: Terran Terran
  • League: Platinum
  • Spawn Location: 1:00

VOD

Have the link to the VOD?

Description

Time

  • Played on: April 25, 2025, 5:38 a.m.
  • Length: 5:02
Show
View Real Time Build Order
Export as new Build Order

艾佛伸 Protoss 

Build Orders:  

Get SALT Encoding   

  12  0:00  Probe  
  13  0:12  Probe  
  14  0:19  Pylon  
  14  0:25  Probe  
  15  0:30  Assimilator  
  15  0:37  Probe  
  16  0:48  Gateway  
  16  0:49  Probe  
  17  0:57  Probe  
  18  1:05  Probe  
  18  1:11  Gateway  
  19  1:15  Probe  
  20  1:27  Probe  
  20  1:30  Pylon  
  21  1:35  Cybernetics Core  
  21  1:54  Pylon  
  21  2:03  Assimilator  
  21  2:05  Warp Gate  
  21  2:06  Probe  
  22  2:13  Adept  
  22  2:14  Adept, Probe  
  26  2:23  Probe  
  27  2:55  Stalker  
  27  2:56  Stalker  
  31  3:09  Nexus  
  30  3:18  Probe  
  31  3:25  Twilight Council  
  31  3:28  Gateway, Pylon  
  31  3:56  Probe  
  31  3:59  Assimilator  
  30  4:07  Stalker x2  
  30  4:08  Probe  
  29  4:25  Gateway  
  26  4:32  Stalker x2  
  26  4:40  Stalker  
  26  4:41  Probe  
  25  4:57  Shield Battery  
Show
View Real Time Build Order
Export as new Build Order

llllllllllll Terran - Winner!

Build Orders: 1/1/1 

Get SALT Encoding   

  12  0:00  SCV  
  13  0:12  SCV  
  14  0:17  Supply Depot  
  14  0:24  SCV  
  15  0:29  Refinery  
  15  0:39  SCV  
  16  0:47  Barracks  
  16  0:51  SCV  
  17  0:59  Refinery  
  17  1:03  SCV  
  18  1:15  SCV  
  19  1:36  Reaper, Factory  
  20  1:44  Orbital Command  
  20  1:54  Supply Depot  
  20  2:09  Barracks Reactor  
  20  2:10  SCV  
  21  2:20  Starport  
  21  2:21  Factory Tech Lab  
  21  2:30  SCV  
  22  2:41  Siege Tank  
  25  2:45  Marine  
  25  2:46  Marine  
  27  2:57  Medivac  
  29  3:00  SCV  
  29  3:03  Marine  
  31  3:08  Supply Depot  
  31  3:21  Siege Tank, Marine x2  
  36  3:28  SCV  
  37  3:34  Viking  
  37  3:39  Marine x2  
  40  3:49  Barracks  
  40  3:57  Marine x2  
  40  4:02  SCV  
  43  4:10  Siege Tank  
  46  4:36  Marine x2  
Tags
 
Matchup
PvT
Opening
1/1/1
Replay Pack
kreditionep2
Spawn Locations
Cross Positions
Add a new tag
Caveats
  • Supply blocks, unpowered buildings, or Contaminate may cause inaccurate times.
  • Supply counts are checked every 10 seconds.